 Dungeon Crawl Stone Soup version 0.17-a0-2027-gcac42c4 (webtiles) character file.

100 graki42 the Insei (level 4, 0/39 HPs)
             Began as a Naga Transmuter on Oct 10, 2015.
             Was an Initiate of Cheibriados.
             Slain by an orc
             ... wielding a +0 short sword
              (7 damage)
             ... on level 3 of the Dungeon.
             The game lasted 00:06:40 (2600 turns).

graki42 the Insei (Naga Transmuter)                 Turns: 2600, Time: 00:06:40

Health: 0/39       AC:  3    Str: 13    XL:     4   Next: 74%
Magic:  7/7        EV: 10    Int: 15    God:    Cheibriados [......]
Gold:   123        SH:  0    Dex: 13    Spells: 2 memorised, 3 levels left

rFire  . . .     SeeInvis +       - Unarmed
rCold  . . .     Clarity  .     b - +0 robe
rNeg   . . .     SustAt   .     (no shield)
rPois  +         Gourm    .     (no helmet)
rElec  .         Spirit   .     (no cloak)
rCorr  .         Warding  .     v - +0 pair of gloves
rMut   .         Stasis   .     (no barding)
MR     +....                    (no amulet)
Stlth  ++........               (no ring)
                                j - ring of protection from magic

@: appendage (expiring), very slow, somewhat resistant to hostile enchantments,
unstealthy
A: horns 2, see invisible, deformed body, poison resistance, slowness 2, slow
metabolism 1, spit poison 2, AC +1
a: Spit Poison, End Transformation, Bend Time, Renounce Religion


You were on level 3 of the Dungeon.
You worshipped Cheibriados.
Cheibriados was noncommittal.
You were not hungry.
You had grown temporary horns.
You visited 1 branch of the dungeon, and saw 3 of its levels.

You collected 123 gold pieces.

Inventory:

Missiles
 a - 43 arrows
Armour
 b - a +0 robe (worn)
 v - a +0 pair of gloves (worn)
Jewellery
 j - a ring of protection from magic (left hand)
Scrolls
 e - a scroll of enchant armour {unknown}
 i - a scroll of teleportation {unknown}
 k - a scroll of remove curse {unknown}
 l - a scroll of noise {unknown}
 n - a scroll of fog {unknown}
 o - 2 scrolls of identify {unknown}
 q - a scroll of enchant weapon {unknown}
 u - a scroll of blinking {unknown}
 x - a scroll of magic mapping {unknown}
Potions
 m - a potion of poison {unknown}
 r - 2 potions of curing
 s - a potion of magic {unknown}
 t - a potion of haste {unknown}
 w - 2 potions of invisibility {unknown}
 z - a potion of ambrosia {unknown}
Books
 c - a book of Changes

   Spells                             Type                      Level
   a - Beastly Appendage              Transmutation                1
   b - Sticks to Snakes               Transmutation                2
   c - Spider Form                    Transmutation/Poison         3
   d - Ice Form                       Ice/Transmutation            4
   e - Blade Hands                    Transmutation                5
Comestibles
 d - 3 bread rations
 f - 2 slices of pizza
 g - 3 meat rations
 h - 2 beef jerkies
 p - a royal jelly


   Skills:
 + Level 1.7 Fighting
 + Level 2.3 Dodging
 + Level 2.1 Stealth
 + Level 3.5 Unarmed Combat
 + Level 2.4 Spellcasting
 * Level 2.4 Transmutations
 + Level 1.0 Poison Magic


You had 3 spell levels left.
You knew the following spells:

 Your Spells              Type           Power        Failure   Level  Hunger
a - Beastly Appendage     Trmt           #.....       10%         1    #......
b - Spider Form           Trmt/Pois      #.........   34%         3    ###....


Dungeon Overview and Level Annotations

Branches:
Dungeon (3/15)

Altars:
Ashenzari
Cheibriados


Innate Abilities, Weirdness & Mutations

You cannot wear boots.
Your serpentine skin is tough (AC +1).
You have supernaturally acute eyesight.
Armour fits poorly on your strangely shaped body.
Your system is resistant to poisons.
You cover ground very slowly.
You have a slow metabolism.
You can spit poison.
You have a pair of horns on your head.


Message History

You feel slightly more hungry.
The orc throws a stone.
The stone barely misses you. The orc barely misses you.
You closely miss the orc priest.
The orc priest is severely wounded.
The orc hits you but does no damage. The orc priest closely misses you.
You hit the orc priest but do no damage.
The orc priest is severely wounded.
The orc barely misses you. The orc priest closely misses you.
You barely miss the orc priest.
The orc priest is severely wounded.
The orc hits you with a short sword.
The orc priest hits you with a short sword.
* * * LOW HITPOINT WARNING * * *
Unknown command.
Your transformation is almost over.
The orc priest looks more healthy.
The orc hits you with a short sword.
* * * LOW HITPOINT WARNING * * *
You have got your breath back.
The orc hits you with a short sword!
You die...

##. #...##...... ..
##..##...### #.. ##.##..##
# .##.. #.##...## ......
##....#..# #...#####
#..#..##.## #....(..#
##....###...
..#)oo.#####..#..# ####
#..#)##@...##.##..####..
#.... #.##.............#
#....##.#####.##.#.#....
.........#####.##........
...........##.>.#.........
............).##..........
............####.#.##.....
.. #........##
##...###.... .
##........###....###..#.


You could see an orc priest and an orc.

Vanquished Creatures
  An orc wizard (D:3)
  3 adders
  5 giant geckos
  2 orcs (D:3)
  5 bats
  3 giant cockroaches
  5 hobgoblins
  3 kobolds
  3 giant newts (D:1)
  8 goblins
  4 jackals (D:2)
  6 rats
48 creatures vanquished.

Notes
Turn   | Place    | Note
--------------------------------------------------------------
     0 | D:1      | graki42 the Naga Transmuter began the quest for the Orb.
     0 | D:1      | Reached XP level 1. HP: 18/18 MP: 3/3
   458 | D:1      | Reached XP level 2. HP: 12/25 MP: 1/5
  1212 | D:2      | Reached XP level 3. HP: 22/31 MP: 4/6
  1227 | D:2      | Learned a level 3 spell: Spider Form
  1536 | D:2      | Reached skill level 1 in Stealth
  2095 | D:2      | Reached skill level 1 in Poison Magic
  2240 | D:3      | Reached XP level 4. HP: 34/38 MP: 5/7
  2529 | D:3      | Found a snail-covered altar of Cheibriados.
  2530 | D:3      | Found a shattered altar of Ashenzari.
  2534 | D:3      | Became a worshipper of Cheibriados the Contemplative
  2600 | D:3      | Slain by an orc

Vault maps used:
D:1:      elethiomel_arrival_quiet
D:3:      gammafunk_temple_overflow_statue, makhleb_altar_promises_db

Action                   |  1- 3 |  4- 6 || total
-------------------------+-------+-------++-------
Melee: Unarmed           |   140 |    33 ||   173
 Cast: Beastly Appendage |    31 |     3 ||    34
 Abil: Spit Poison       |       |     1 ||     1
  Use: Potion            |     1 |       ||     1
 Stab: Sleeping          |     4 |       ||     4
  Eat: Chunk             |     4 |     1 ||     5
